 Dungeon Crawl Stone Soup version 0.29-a0-284-gf9362112df (webtiles) character file.

Game seed: 18016728906595757770

1393 rabbitsville the Slicer (level 8, -3/74 HPs)
             Began as a Minotaur Chaos Knight on Mar 16, 2022.
             Was a Plaything of Xom.
             Slain by an unseen horror (6 damage)
             ... on level 5 of the Dungeon.
             The game lasted 00:17:08 (3737 turns).

rabbitsville the Slicer (Minotaur Chaos Knight)     Turns: 3737, Time: 00:17:09

Health: -3/74      AC:  5    Str: 22    XL:     8   Next: 41%
Magic:  7/7        EV: 11    Int:  9    God:    Xom [.....*]
Gold:   177        SH:  5    Dex: 13    Spells: 7/7 levels left

rFire   . . .      SeeInvis .   o - +11 dagger of the Messenger {elec, Str+6}
rCold   . . .      Faith    .   f - orb {*Rage}
rNeg    . . .      Spirit   .   b - +2 leather armour
rPois   .          Reflect  +   (helmet restricted)
rElec   .          Harm     .   (no cloak)
rCorr   .          Rampage  .   (no gloves)
Will    .....      Rage     20% (no boots)
Stlth   +.........              d - amulet of reflection
HPRegen 0.22/turn               e - ring of flight
MPRegen 0.10/turn               (no ring)

@: on berserk cooldown, flying, slowed, unable to read, very slow
A: horns 2, retaliatory headbutt, agile 1, deterioration 1, weak 1, inability to
read while threatened
a: Renounce Religion


You were on level 5 of the Dungeon.
You worshipped Xom.
You were Xom's teddy bear.
You visited 1 branch of the dungeon, and saw 5 of its levels.

You collected 177 gold pieces.

Inventory:

Hand Weapons
 a - a +0 hand axe of chaos
 o - the +11 dagger of the Messenger (weapon) {elec, Str+6}
   (You found it on level 3 of the Dungeon)

   It occasionally discharges a powerful burst of electricity upon striking a
   foe.
   Str:       It affects your strength (+6).
Armour
 b - a +2 leather armour (worn)
 f - an orb of wrath (worn)
 h - a +0 buckler
Jewellery
 d - an amulet of reflection (around neck)
 e - a ring of flight (left hand)
 t - a ring of protection from fire
Wands
 g - a wand of flame (25) (quivered)
 u - a wand of paralysis (5)
Scrolls
 i - a scroll of summoning {unknown}
 j - 6 scrolls of teleportation {unknown}
 l - 3 scrolls of identify {unknown}
 p - 2 scrolls of fog {unknown}
 q - a scroll of fear {unknown}
 r - a scroll of torment {unknown}
Potions
 k - a potion of lignification {unknown}
 m - a potion of curing
 n - a potion of heal wounds {unknown}
 s - a potion of flight {unknown}
 v - a potion of haste {unknown}
Miscellaneous
 c - a piece from Xom's chessboard (15/15)


   Skills:
 + Level 7.9 Fighting
 * Level 8.4 Short Blades
 - Level 5.2 Axes
 - Level 2.4 Armour
 - Level 1.1 Dodging
 - Level 1.7 Shields


You had 7 spell levels left.
You didn't know any spells.
Your spell library contained the following spells:

 Spells                   Type           Power      Damage    Failure   Level
 Magic Dart               Conj           0%         1d3       43%         1
 Call Imp                 Summ           0%         N/A       56%         2
 Ignite Poison            Fire/Tmut/Pois 0%         N/A       80%         3
 Mephitic Cloud           Conj/Pois/Air  0%         N/A       80%         3
 Ozocubu's Armour         Ice            0%         N/A       80%         3
 Freezing Cloud           Conj/Ice/Air   0%         6-21      100%        5
 Metabolic Englaciation   Hex/Ice        0%         N/A       100%        5
 Simulacrum               Ice/Necr       0%         N/A       100%        6


Dungeon Overview and Level Annotations

Branches:
Dungeon (5/15)
 Temple: D:4-7

Altars:
Kikubaaqudgha

Shops:
D:4 *=**


Innate Abilities, Weirdness & Mutations

You have a pair of horns on your head.
You reflexively headbutt those who attack you in melee.
You are agile. (Dex +2)
Your body sometimes deteriorates upon taking damage.
You are weak. (Str -2)
You sometimes lose the ability to read scrolls when taking damage.


Message History

You block something's attack. Something hits you but does no damage.
You hit the black bear.
Lightning courses through the black bear!
The black bear is severely wounded.
Something hits you!
You feel threatened and lose the ability to read scrolls!
The black bear goes berserk!
You hit the black bear.
The black bear is almost dead.
Something hits you but does no damage. You block the black bear's attack.
The black bear claws you but does no damage.
The black bear closely misses you.
You puncture the black bear!
You kill the black bear!
Something hits you. x2
Something hits you but does no damage. x2
You can read scrolls again.
Something hits you.
You feel threatened and lose the ability to read scrolls!
Something hits you. Something hits you!
Hit: o) +11 dagger of the Messenger {elec, Str+6}
Press: ? - help, Dir - move target You hit something.
Your headbutt misses something. Something hits you. Something hits you.
* * * LOW HITPOINT WARNING * * *
Something hits you.
* * * LOW HITPOINT WARNING * * *
Something hits you.
* * * LOW HITPOINT WARNING * * *
Something hits you.
* * * LOW HITPOINT WARNING * * *
Something hits you!
* * * LOW HITPOINT WARNING * * *
You feel better. Something hits you but does no damage.
Hit: o) +11 dagger of the Messenger {elec, Str+6}
Press: ? - help, Dir - move target You swing at nothing.
Something hits you!
* * * LOW HITPOINT WARNING * * *
Something hits you.
You die...

#...# ##.# #...#
...### #...#
.....#
#...##.....##
#.........$..
######.#†# ...).#
##........##.....#
#...†........#
#..####@######
#..# #.# ##.# #.#
#.# #.. #.# ###
#.########
#........#
#.######.# #.#


There were no monsters in sight!

Vanquished Creatures
  Grinder (D:4)
  A polar bear (shapeshifter) (D:4)
  Sigmund (D:4)
  Edmund (D:4)
  A black bear (D:5)
  A sky beast (D:3)
  2 kobold brigands (D:4)
  2 vampire bats (D:5)
  2 hounds (D:5)
  Ijyb (D:4)
  An iguana (D:4)
  Robin (D:2)
  8 adders
  2 worms (D:2)
  3 dart slugs
  An orc (D:3)
  6 ball pythons
  2 bat skeletons (D:5)
  3 bat zombies (D:5)
  9 endoplasms
  4 giant cockroaches
  15 goblins
  6 hobgoblins
  11 kobolds
  3 quokkas
  6 bats
  3 frilled lizards
  7 rats
  3 bushes (D:2)
107 creatures vanquished.

Notes
Turn   | Place    | Note
-------+----------+-------------------------------------------
     0 | D:1      | rabbitsville the Minotaur Chaos Knight began the quest for
                  | the Orb.
     0 | D:1      | Reached XP level 1. HP: 19/19 MP: 0/0
    81 | D:1      | XOM: silly message
   179 | D:1      | Reached XP level 2. HP: 27/27 MP: 1/1
   385 | D:1      | XOM: silly message
   762 | D:2      | XOM: silly message
   816 | D:2      | Reached XP level 3. HP: 22/33 MP: 2/2
  1019 | D:2      | Reached skill level 1 in Shields
  1051 | D:2      | XOM: silly message
  1070 | D:2      | XOM: summons 2 hostile shadow creatures
  1188 | D:2      | Noticed Robin
  1204 | D:2      | XOM: blink monster(s)
  1226 | D:2      | Killed Robin
  1227 | D:2      | Reached skill level 5 in Axes
  1330 | D:2      | XOM: give mutations
  1330 | D:2      | Gained mutation: Your body sometimes deteriorates upon
                  | taking damage. [Xom's mischief]
  1330 | D:2      | Gained mutation: You are partially covered in iridescent
                  | scales. (AC +2) [Xom's mischief]
  1416 | D:2      | Reached XP level 4. HP: 41/41 MP: 3/3
  1493 | D:2      | XOM: summons 2 hostile shadow creatures
  1621 | D:2      | XOM: give mutations
  1621 | D:2      | Gained mutation: You are agile. (Dex +2) [Xom's mischief]
  1621 | D:2      | Lost mutation: You are partially covered in iridescent
                  | scales. (AC +2) [Xom's mischief]
  1621 | D:2      | Gained mutation: You sometimes lose the ability to read
                  | scrolls when taking damage. [Xom's mischief]
  1621 | D:2      | Gained mutation: You are weak. (Str -2) [Xom's mischief]
  1858 | D:3      | Identified the +11 dagger of the Messenger {elec, Str+6}
  1963 | D:3      | Reached skill level 1 in Short Blades
  2092 | D:3      | Noticed a sky beast
  2104 | D:3      | Killed a sky beast
  2105 | D:3      | Reached skill level 5 in Fighting
  2105 | D:3      | Reached skill level 2 in Short Blades
  2105 | D:3      | Reached XP level 5. HP: 37/48 MP: 4/4
  2114 | D:3      | XOM: confuse monster(s)
  2119 | D:3      | Reached skill level 3 in Short Blades
  2451 | D:4      | Found Sulow's Jewellery Shop.
  2500 | D:4      | Noticed Edmund
  2518 | D:4      | Reached XP level 6. HP: 56/56 MP: 5/5
  2521 | D:4      | Found Seawnuvi's CLEARANCE SALE!.
  2521 | D:4      | XOM: 1-stop teleportation journey
  2577 | D:4      | Killed Edmund
  2578 | D:4      | Reached skill level 4 in Short Blades
  2763 | D:4      | Found Maihuppu's General Store.
  2845 | D:4      | XOM: smoke on damage
  2849 | D:4      | Reached skill level 5 in Short Blades
  2864 | D:4      | XOM: noise
  2866 | D:4      | Reached XP level 7. HP: 30/63 MP: 6/6
  3132 | D:4      | Noticed Grinder
  3138 | D:4      | Paralysed by Grinder for 3 turns
  3146 | D:4      | Killed Grinder
  3147 | D:4      | Reached skill level 6 in Short Blades
  3309 | D:4      | Noticed Eustachio
  3312 | D:4      | XOM: summons 1 hostile demon
  3317 | D:4      | Noticed Eustachio
  3317 | D:4      | Eustachio changed into Eustachio the shapeshifter
  3317 | D:4      | XOM: polymorph Eustachio -> Eustachio the shapeshifter
  3317 | D:4      | Noticed Eustachio
  3317 | D:4      | Eustachio the shapeshifter changed into Eustachio the polar
                  | bear
  3318 | D:4      | Found Caephic's General Store.
  3322 | D:4      | Killed Eustachio the polar bear
  3323 | D:4      | Reached skill level 7 in Short Blades
  3326 | D:4      | Noticed Sigmund
  3333 | D:4      | Killed Sigmund
  3334 | D:4      | Reached XP level 8. HP: 49/73 MP: 7/7
  3493 | D:4      | Noticed Ijyb
  3501 | D:4      | Killed Ijyb
  3603 | D:5      | Entered Level 5 of the Dungeon
  3650 | D:5      | Found an ancient bone altar of Kikubaaqudgha.
  3654 | D:5      | Reached skill level 8 in Short Blades
  3718 | D:5      | XOM: polymorph ogre -> something unseen
  3734 | D:5      | HP: 2/74 [something (10)]
  3737 | D:5      | Slain by an unseen horror

Illustrated notes

Levels and vault maps discovered:
D:1:      dpeg_arrival_rooms_with_view, layout_basic
D:2:      layout_basic, eino_tiny_chamber, dreamdust_princess_corridor,
          roderic_roman_lattice, uniq_robin
D:3:      layout_basic
D:4:      cheibrodos_thug_alley, layout_cave_pools, serial_shops,
          nicolae_diamond_shop, shop, kennysheep_little_box, serial_park,
          serial_park_square2, serial_park_tiny_pond, serial_park_tiny_pond,
          nicolae_shop_clearance, uniq_eustachio, uniq_edmund, uniq_sigmund,
          uniq_grinder, uniq_ijyb
D:5:      layout_loops_ring, kennysheep_vampire_church

Skill      XL: |  1  2  3  4  5  6  7  8 |
---------------+-------------------------+-----
Axes           | 4 5 |  5.2
Fighting       | 4 5 6 7 |  7.9
Shields        | 1 |  1.7
Short Blades   | 2 3 5 7 8 |  8.4
Armour         | |  2.4
Dodging        | |  1.1

Action                   |  1- 3 |  4- 6 |  7- 9 || total
-------------------------+-------+-------+-------++-------
Melee: Hand axe          |   160 |    13 |       ||   173
       Headbutt          |    28 |     7 |     2 ||    37
       Dagger            |       |    74 |    34 ||   108
Evoke: Wand              |       |       |     2 ||     2
  Use: Potion            |     4 |       |     1 ||     5
Armor: Leather armour    |    38 |    24 |    16 ||    78
Dodge: Dodged            |    51 |    32 |    14 ||    97
Block: Other             |     8 |       |       ||     8
       Buckler           |    36 |     1 |       ||    37
       Reflection        |     1 |       |       ||     1
       Orb               |       |    12 |     6 ||    18

Table legend: (Time is in decaauts)
 A = Elapsed time spent in this place.
 B = Non-inter-level travel time spent in this place.
 C = Inter-level travel time spent in this place.
 D = Time resting spent in this place.
 E = Time spent auto-exploring this place.
 F = Levels seen in this place.
 G = Mean time per level.
                   A        B        C        D        E       F      G
               +--------+--------+--------+--------+--------+-----+--------+
         Total |   3887 |   3770 |    117 |    164 |   2310 |   5 |  777.4 |
       Dungeon |   3887 |   3770 |    117 |    164 |   2310 |   5 |  777.4 |
               +--------+--------+--------+--------+--------+-----+--------+

Top non-repeatable levels by time:
     D:4: 1220 daAuts
     D:2: 1041 daAuts
     D:3: 767 daAuts
     D:1: 717 daAuts
     D:5: 140 daAuts
